 Dungeon Crawl Stone Soup version 0.30-a0-881-g1ff12e1e11 (webtiles) character file.

Game seed: 10840989897349071278

8063 bmack86 the Cleaver (level 11, 0/95 HPs)
             Began as a Minotaur Fighter on Mar 15, 2023.
             Was an Elder of Okawaru.
             Succumbed to a gnoll's poison
             ... on level 9 of the Dungeon.
             The game lasted 00:23:36 (8108 turns).

bmack86 the Cleaver (Minotaur Fighter)              Turns: 8108, Time: 00:23:38

Health: 0/95       AC: 15    Str: 25    XL:     11   Next: 5%
Magic:  13/13      EV:  8    Int:  5    God:    Okawaru [****..]
Gold:   607        SH: 11    Dex: 16    Spells: 10/10 levels left

rFire   . . .      SeeInvis .    d - +4 war axe (freeze)
rCold   . . .      Faith    .    c - +0 buckler
rNeg    . . .      Spirit   .    w - +0 chain mail
rPois   .          Reflect  +    (helmet restricted)
rElec   .          Rampage  .    l - +0 cloak
rCorr   .                        e - +1 pair of gloves
Will    .....                    (no boots) Stlth
                                 y - amulet of reflection
HPRegen 0.35/turn                D - ring of flight
MPRegen 0.13/turn                A - +6 ring of dexterity

@: lethally poisoned (0 -> -8), flying
A: horns 2, retaliatory headbutt
a: Renounce Religion, Heroism, Finesse


You were on level 9 of the Dungeon.
You worshipped Okawaru.
Okawaru was greatly pleased with you.
You visited 2 branches of the dungeon, and saw 10 of its levels.
You also visited: Ossuary.

You collected 607 gold pieces.

Inventory:

Hand Weapons
 a - a +1 vampiric war axe
 d - a +4 war axe of freezing (weapon)
Missiles
 p - 44 poisoned darts (quivered)
 G - 5 boomerangs
Armour
 b - a +0 scale mail
 c - a +0 buckler (worn)
 e - a +1 pair of gloves (worn)
 l - a +0 cloak (worn)
 w - a +0 chain mail (worn)
Jewellery
 u - a ring of protection from fire
 y - an amulet of reflection (around neck)
 A - a +6 ring of dexterity (right hand)
 D - a ring of flight (left hand)
Wands
 v - a wand of flame (1)
Scrolls
 f - 4 scrolls of teleportation
 g - 3 scrolls of fog
 h - a scroll of vulnerability
 i - 2 scrolls of blinking
 j - 3 scrolls of brand weapon
 B - a scroll of amnesia
 F - a scroll of fear
Potions
 k - 3 potions of magic
 m - a potion of brilliance
 n - 2 potions of attraction
 o - a potion of mutation {unknown}
 q - 5 potions of curing
 r - 5 potions of heal wounds
 s - 2 potions of flight
 t - a potion of degeneration {unknown}
 x - a potion of might
 z - 2 potions of invisibility
 C - 2 potions of lignification
 E - 3 potions of resistance
 H - a potion of cancellation {unknown}
 I - 2 potions of haste


   Skills:
 + Level 8.9 Fighting
 * Level 11.6 Axes
 + Level 6.3 Throwing
 + Level 8.9 Armour
 + Level 8.9 Shields
 + Level 4.6 Invocations


You had 10 spell levels left.
You didn't know any spells.
Your spell library contained the following spells:

 Spells                   Type           Power      Damage    Failure   Level
 Gell's Gravitas          Tloc           0%         N/A       100%        3
 Teleport Other           Tloc           0%         N/A       100%        3
 Yara's Violent Unravell  Hex/Tmut       0%         3d3       100%        5
 Dispersal                Tloc           0%         N/A       100%        6
 Enfeeble                 Hex            0%         N/A       100%        7


Dungeon Overview and Level Annotations

Branches:
Dungeon (9/15)             Temple (1/1) D:6            Lair (0/5) D:8
Ossuary (visited)
    Orc: D:9-12

Altars:
Ashenzari
Cheibriados
Dithmenos
Elyvilon
Fedhas
Gozag
Hepliaklqana
Kikubaaqudgha
Makhleb
Nemelex Xobeh
Okawaru
Qazlal
Ru
Sif Muna
Trog
Uskayaw
Vehumet
Wu Jian
Xom
Yredelemnul
Zin
The Shining One

Shops:
D:3 *


Innate Abilities, Weirdness & Mutations

You have a pair of horns on your head.
You reflexively headbutt those who attack you in melee.


Message History

The gnoll sergeant is moderately wounded.
You barely miss the gnoll. You slash the gnoll! You freeze the gnoll.
You kill the gnoll!
Okawaru accepts your kill.
You feel very sick. You block the gnoll's attack. x2
The gnoll sergeant hits you but does no damage.
The gnoll hits you with a +0 halberd.
You barely miss the gnoll sergeant.
The gnoll sergeant is moderately wounded.
You completely miss the gnoll.
You feel very sick. The gnoll hits you but does no damage.
The gnoll hits you from afar with a +0 halberd.
* * * LOW HITPOINT WARNING * * *
The gnoll sergeant hits you but does no damage.
You block the gnoll's attack.
You closely miss the gnoll sergeant. You headbutt the gnoll sergeant!
The gnoll sergeant is severely wounded.
You slash the gnoll! You freeze the gnoll.
You feel very sick.
The gnoll hits you from afar with a +0 halberd.
* * * LOW HITPOINT WARNING * * *
You block the gnoll's attack.
The gnoll sergeant hits you with a +0 trident.
* * * LOW HITPOINT WARNING * * *
The gnoll hits you but does no damage.
You feel sick. You block the gnoll's attack.
The gnoll sergeant hits you with a +0 trident.
* * * LOW HITPOINT WARNING * * *
The gnoll hits you with a +0 halberd!
* * * LOW HITPOINT WARNING * * *
You slash the gnoll! You freeze the gnoll.
You kill the gnoll!
Okawaru accepts your kill.
You slash the gnoll sergeant! You freeze the gnoll sergeant.
You kill the gnoll sergeant!
Okawaru accepts your kill.
You hit the gnoll but do no damage.
You die...

...................
...#...
...................
...##..
..........(.......#
.. #..
.............###..!
..................
.....####.........
.... ##.g..##.#.
... #.).)..### #.
##.@g...# #.)....#
#....### ##....#
......# ......#
#...... ####..##


You could see 2 gnolls.

Vanquished Creatures
  Pikel (D:8)
  Maggie (D:7)
  A gargoyle (D:6)
  A rime drake (D:8)
  A komodo dragon (D:6)
  A troll (D:9)
  A polar bear (D:8)
  Grinder (D:5)
  A hornet (D:7)
  6 yaks (D:9)
  Eustachio (D:6)
  A wraith (Ossuary)
  3 steam dragons (D:6)
  Menkaure (D:4)
  An acid dragon (D:9)
  4 ice beasts (D:8)
  3 black bears
  2 sky beasts (D:6)
  5 ogres
  2 centaurs
  5 wolves (D:8)
  A lemure (D:8)
  3 phantoms
  2 kobold brigands
  3 bullfrogs
  A gnoll sergeant (D:9)
  3 scorpions
  3 wights (D:8)
  9 killer bees (D:8)
  5 orc priests
  4 hounds
  2 jellies (D:6)
  Natasha (thrice) (D:4)
  4 iguanas
  5 orc wizards
  Robin (D:4)
  A mummy (Ossuary)
  8 adders
  2 gnolls (D:9)
  2 shadow imps
  2 white imps (D:6)
  6 worms
  A dart slug (D:1)
  26 orcs
  4 endoplasms
  A giant cockroach (D:3)
  5 goblins (D:4)
  8 hobgoblins
  3 jackals (D:5)
  4 quokkas
  7 ball pythons
  7 bats
  8 frilled lizards
  4 gnoll skeletons (Ossuary)
  A goblin zombie (D:8)
  17 kobolds
  6 kobold skeletons (Ossuary)
  15 orc skeletons (Ossuary)
  7 rats
  A rat zombie (D:8)
238 creatures vanquished.

Notes
Turn   | Place    | Note
-------+----------+-------------------------------------------
     0 | D:1      | bmack86 the Minotaur Fighter began the quest for the Orb.
     0 | D:1      | Reached XP level 1. HP: 19/19 MP: 0/0
   446 | D:1      | Reached XP level 2. HP: 27/27 MP: 1/1
   575 | D:1      | Reached skill level 3 in Axes
  1067 | D:2      | Reached XP level 3. HP: 33/33 MP: 2/2
  1935 | D:3      | Found Zin's Purification Station.
  1935 | D:3      | Found a glowing silver altar of Zin.
  2121 | D:3      | Found a bloodstained altar of Trog.
  2545 | D:4      | Noticed a phantom
  2554 | D:4      | Killed a phantom
  2555 | D:4      | Reached skill level 4 in Axes
  2555 | D:4      | Reached XP level 4. HP: 35/41 MP: 3/3
  2555 | D:4      | Reached XP level 5. HP: 40/47 MP: 4/4
  2657 | D:4      | Reached skill level 1 in Throwing
  2694 | D:4      | Noticed Natasha
  2699 | D:4      | Killed Natasha
  2730 | D:4      | Noticed an ogre
  2735 | D:4      | Killed an ogre
  2736 | D:4      | Reached skill level 5 in Axes
  2736 | D:4      | Reached XP level 6. HP: 36/55 MP: 5/5
  2877 | D:4      | Reached skill level 5 in Fighting
  2877 | D:4      | Reached skill level 5 in Armour
  2877 | D:4      | Reached skill level 5 in Shields
  2909 | D:4      | Noticed Menkaure
  2916 | D:4      | Killed Menkaure
  2917 | D:4      | Reached XP level 7. HP: 50/61 MP: 6/6
  2971 | D:4      | Noticed Robin
  2982 | D:4      | Reached skill level 6 in Axes
  2988 | D:4      | Killed Robin
  3052 | D:4      | Noticed Natasha
  3059 | D:4      | Killed Natasha
  3079 | D:4      | Noticed Natasha
  3089 | D:4      | Killed Natasha
  3236 | D:4      | Found an ancient bone altar of Kikubaaqudgha.
  3514 | D:5      | Entered Level 5 of the Dungeon
  3686 | D:5      | Noticed Grinder
  3701 | D:5      | Killed Grinder
  3702 | D:5      | Reached skill level 7 in Axes
  3702 | D:5      | Reached XP level 8. HP: 46/70 MP: 7/7
  4350 | D:6      | Reached skill level 8 in Axes
  4362 | D:6      | Found a staircase to the Ecumenical Temple.
  4382 | Temple   | Entered the Ecumenical Temple
  4443 | Temple   | Became a worshipper of Warmaster Okawaru
  4612 | D:6      | Reached skill level 1 in Invocations
  4612 | D:6      | Reached XP level 9. HP: 27/78 MP: 8/8
  4794 | D:6      | Noticed a gargoyle
  4806 | D:6      | Killed a gargoyle
  4806 | D:6      | Reached * piety under Okawaru
  4807 | D:6      | Reached skill level 9 in Axes
  4892 | D:6      | Noticed Eustachio
  4897 | D:6      | Killed Eustachio
  4919 | D:6      | Noticed a komodo dragon
  4934 | D:6      | Killed a komodo dragon
  5331 | D:7      | Reached skill level 5 in Throwing
  5616 | D:7      | Reached ** piety under Okawaru
  5644 | D:7      | Noticed Maggie
  5662 | D:7      | Killed Maggie
  5663 | D:7      | Reached skill level 10 in Axes
  6032 | D:7      | Found an opulent altar of Gozag.
  6049 | D:7      | Reached XP level 10. HP: 88/88 MP: 11/11
  6274 | D:8      | Noticed Pikel
  6282 | D:8      | Killed Pikel
  6285 | D:8      | Reached *** piety under Okawaru
  6285 | D:8      | Received a gift from Okawaru
  6329 | D:8      | Found a sand-covered staircase.
  6345 | Ossuary  | Entered an ossuary
  7258 | D:8      | Reached skill level 11 in Axes
  7470 | D:8      | Found a staircase to the Lair.
  7753 | D:9      | Reached **** piety under Okawaru
  7846 | D:9      | Received a gift from Okawaru
  7851 | D:9      | Identified the +7 halberd "Blob" {holy, rN+ Will- Str+2}
  7925 | D:9      | Received a gift from Okawaru
  7927 | D:9      | Reached XP level 11. HP: 41/95 MP: 10/13
  8107 | D:9      | HP: 2/95 [gnoll/+0 halberd[a gnoll sergeant] (13)]
  8108 | D:9      | Succumbed to a gnoll's poison

Illustrated notes

Levels and vault maps discovered:
D:1:      dpeg_arrival_ternary, layout_loops_ring, serial_forest,
          infiniplex_forest_lined_3_way, infiniplex_forest_lined_corner,
          infiniplex_forest_straight_2, infiniplex_forest_clump_medium,
          infiniplex_forest_diagonal, hangedman_decor_peaks_small
D:2:      layout_basic, dk_noncrumbling_2
D:3:      layout_rooms, zin_purify, mainiacjoe_overflow_tiny_flanked,
          dreamdust_wishing_well
D:4:      layout_gridville, kennysheep_little_box, kennysheep_generic_room_8,
          uniq_menkaure, uniq_robin, uniq_natasha
D:5:      layout_rooms, uniq_grinder
D:6:      layout_basic, minmay_temple_entry_drinking_statues,
          minmay_divided_ellipse, uniq_eustachio
D:7:      layout_gridville, mainiacjoe_overflow_small_starburst, uniq_maggie
D:8:      layout_gridville, hellmonk_lair_entry_icy, enter_ossuary_4, uniq_pikel
D:9:      layout_cave_pools
Temple:   nicolae_temple_bog_church

Skill      XL: |  1  2  3  4  5  6  7  8  9 10 |
---------------+-------------------------------+-----
Axes           | 3 4 5 7 8 10 11 | 11.6
Armour         | 4 5 6 7 8 |  8.9
Fighting       | 4 5 6 7 8 |  8.9
Shields        | 4 5 6 7 8 |  8.9
Throwing       | 1 2 3 4 5 6 |  6.3
Invocations    | 1 3 4 |  4.6

Action                     |  1- 3 |  4- 6 |  7- 9 | 10-12 || total
---------------------------+-------+-------+-------+-------++-------
  Melee: War axe           |   100 |    43 |   222 |   145 ||   510
         Headbutt          |    13 |     6 |    40 |    23 ||    82
  Throw: Dart              |       |     2 |    23 |     6 ||    31
 Invoke: Heroism           |       |       |       |     3 ||     3
    Use: Scroll            |     9 |       |     9 |     8 ||    26
         Potion            |       |       |     4 |       ||     4
 Armour: Scale mail        |    49 |       |       |       ||    49
         Chain mail        |       |    24 |   165 |   103 ||   292
  Dodge: Dodged            |    57 |    10 |    90 |    76 ||   233
  Block: Buckler           |    18 |    11 |    79 |   141 ||   249
         Reflection        |       |       |       |     3 ||     3

Table legend: (Time is in decaauts)
 A = Elapsed time spent in this place.
 B = Non-inter-level travel time spent in this place.
 C = Inter-level travel time spent in this place.
 D = Time resting spent in this place.
 E = Time spent auto-exploring this place.
 F = Levels seen in this place.
 G = Mean time per level.
                   A        B        C        D        E       F      G
               +--------+--------+--------+--------+--------+-----+--------+
         Total |   8184 |   7985 |    199 |    557 |   4557 |  11 |  744.0 |
       Dungeon |   7756 |   7581 |    175 |    557 |   4389 |   9 |  861.8 |
        Temple |     97 |     73 |     24 |      0 |     43 |   1 |   97.0 |
       Ossuary |    330 |    330 |      0 |      0 |    125 |   1 |  330.0 |
               +--------+--------+--------+--------+--------+-----+--------+

Top non-repeatable levels by time:
     D:8: 1168 daAuts
     D:2: 1139 daAuts
     D:6: 1102 daAuts
     D:4: 1048 daAuts
     D:7: 1024 daAuts
     D:1: 814 daAuts
     D:3: 577 daAuts
     D:5: 510 daAuts
     D:9: 372 daAuts
 Ossuary: 330 daAuts
  Temple: 97 daAuts
